IL
TACOMA RAINIERS @ OMAHA STORM CHASERS
09/03/2047
 
TOP OF THE 1ST
Tacoma Rainiers batting - Pitching for Omaha Storm Chasers : LHP Walter Whiteman
Pitching: LHP Walter Whiteman
Batting: RHB Rick Ellis 0-0: Bunt - Flyout to 13S! F1
Batting: LHB Jawad Fahad 0-0: Ball
1-0: Ball
2-0: Called Strike
2-1: Called Strike
2-2: Foul Ball, location: 2F
2-2: Ball
3-2: Strikes out looking
Batting: RHB Brad Robidas 0-0: Called Strike
0-1: Swinging Strike
0-2: Foul Ball, location: 2F
0-2: Ball
1-2: Foul Ball, location: 2F
1-2: Ball
2-2: Strikes out swinging
Top of the 1st over - 0 runs, 0 hits, 0 errors, 0 left on base; Tacoma 0 - Omaha 0
BOTTOM OF THE 1ST
Omaha Storm Chasers batting - Pitching for Tacoma Rainiers : RHP Luis Castro
Pitching: RHP Luis Castro
Batting: LHB Danny Bailey 0-0: Ball
1-0: Fly out, F4 (Popup, 4S, EV 78.8 MPH)
Batting: LHB Robby Diaz 0-0: Called Strike
0-1: SINGLE (Groundball, 34D, EV 95.6 MPH)
Batting: LHB Manny Estrada 0-0: Called Strike
0-1: Called Strike
0-2: Ball
1-2: Foul Ball, location: 2F
1-2: Ball
2-2: Foul Ball, location: 2F
2-2: Ball
3-2: Base on Balls
Robby Diaz to second
Batting: RHB Walt Cogswell 0-0: Foul Ball, location: 2F
0-1: Ball
1-1: Ball
2-1: SINGLE (Line Drive, 78M, EV 98.8 MPH)
Robby Diaz to third
Manny Estrada to second
Batting: RHB Jerry Escamilla 0-0: Called Strike
0-1: Foul Ball, location: 2F
0-2: Ball
1-2: Ball
2-2: Foul Ball, location: 2F
2-2: Fly out, F3 (Popup, 3SF, EV 74.4 MPH)
Batting: RHB Colin Boddy 0-0: Ball
1-0: Ball
2-0: Called Strike
2-1: Foul Ball, location: 2F
2-2: Foul Ball, location: 2F
2-2: Foul Ball, location: 2F
2-2: Foul Ball, location: 2F
2-2: Ball
3-2: Foul Ball, location: 2F
3-2: Base on Balls
Robby Diaz scores
Manny Estrada to third
Walt Cogswell to second
Batting: RHB Danny Weisse 0-0: Ball
1-0: Ball
2-0: Called Strike
2-1: Ball
3-1: Foul Ball, location: 2F
3-2: Foul Ball, location: 2F
3-2: Strikes out swinging
Bottom of the 1st over - 1 run, 2 hits, 0 errors, 3 left on base; Tacoma 0 - Omaha 1
TOP OF THE 2ND
Tacoma Rainiers batting - Pitching for Omaha Storm Chasers : LHP Walter Whiteman
Batting: RHB Josh Ruhl 0-0: Swinging Strike
0-1: Ground out 6-3 (Groundball, 6, EV 81.9 MPH)
Batting: RHB Max Schellekens 0-0: Foul Ball, location: 2F
0-1: Fly out, F9 (Flyball, 9D, EV 96.2 MPH)
Batting: RHB Steve Martin 0-0: Foul Ball, location: 2F
0-1: Called Strike
0-2: Ball
1-2: Ball
2-2: Ground out U3 (Groundball, 3S, EV 75.6 MPH)
Top of the 2nd over - 0 runs, 0 hits, 0 errors, 0 left on base; Tacoma 0 - Omaha 1
BOTTOM OF THE 2ND
Omaha Storm Chasers batting - Pitching for Tacoma Rainiers : RHP Luis Castro
Batting: RHB Aaron Matthews 0-0: Called Strike
0-1: Fly out, F7 (Flyball, 7, EV 86.2 MPH)
Batting: LHB Chris Eaker 0-0: Called Strike
0-1: Foul Ball, location: 2F
0-2: Ball
1-2: Strikes out looking
Batting: LHB Danny Bailey 0-0: Fly out, F9 (Flyball, 89S, EV 94.4 MPH)
Bottom of the 2nd over - 0 runs, 0 hits, 0 errors, 0 left on base; Tacoma 0 - Omaha 1
TOP OF THE 3RD
Tacoma Rainiers batting - Pitching for Omaha Storm Chasers : LHP Walter Whiteman
Batting: RHB Jeff Cox 0-0: Foul Ball, location: 2F
0-1: Ball
1-1: Ball
2-1: Foul Ball, location: 2F
2-2: Strikes out looking
Batting: LHB Josh Pittman 0-0: Called Strike
0-1: Ball
1-1: Called Strike
1-2: Foul Ball, location: 2F
1-2: SINGLE (Line Drive, 9S, EV 88.1 MPH)
Batting: RHB Kagetoki Kawai 0-0: Called Strike
0-1: Called Strike
0-2: Ball
1-2: Ball
2-2: Strikes out swinging
Batting: RHB Rick Ellis 0-0: Called Strike
0-1: Called Strike
0-2: Ball
1-2: Strikes out swinging
Top of the 3rd over - 0 runs, 1 hit, 0 errors, 1 left on base; Tacoma 0 - Omaha 1
BOTTOM OF THE 3RD
Omaha Storm Chasers batting - Pitching for Tacoma Rainiers : RHP Luis Castro
Batting: LHB Robby Diaz 0-0: Ball
1-0: Called Strike
1-1: Swinging Strike
1-2: Foul Ball, location: 2F
1-2: Strikes out swinging
Batting: LHB Manny Estrada 0-0: Fly out, F8 (Flyball, 8RM, EV 93.8 MPH)
Batting: RHB Walt Cogswell 0-0: Called Strike
0-1: Foul Ball, location: 2F
0-2: Foul Ball, location: 2F
0-2: Ball
1-2: Ground out 6-3 (Groundball, 6, EV 80.6 MPH)
Bottom of the 3rd over - 0 runs, 0 hits, 0 errors, 0 left on base; Tacoma 0 - Omaha 1
TOP OF THE 4TH
Tacoma Rainiers batting - Pitching for Omaha Storm Chasers : LHP Walter Whiteman
Batting: LHB Jawad Fahad 0-0: Called Strike
0-1: Foul Ball, location: 2F
0-2: Strikes out looking
Batting: RHB Brad Robidas 0-0: Ball
1-0: Foul Ball, location: 2F
1-1: Ball
2-1: Foul Ball, location: 2F
2-2: Foul Ball, location: 2F
2-2: Foul Ball, location: 2F
2-2: Ball
3-2: Base on Balls
Pitching: RHP Sergio Quinones
Batting: RHB Josh Ruhl 0-0: Ball
1-0: Called Strike
1-1: Hit by Pitch
Brad Robidas to second
Batting: RHB Max Schellekens 0-0: Ball
1-0: Called Strike
1-1: Ground out 5-3 (Groundball, 56S, EV 66.2 MPH)
Brad Robidas to third
Josh Ruhl to second
Batting: RHB Steve Martin 0-0: Foul Ball, location: 2F
0-1: Foul Ball, location: 2F
0-2: Strikes out swinging
Top of the 4th over - 0 runs, 0 hits, 0 errors, 2 left on base; Tacoma 0 - Omaha 1
BOTTOM OF THE 4TH
Omaha Storm Chasers batting - Pitching for Tacoma Rainiers : RHP Luis Castro
Batting: RHB Jerry Escamilla 0-0: Called Strike
0-1: Ground out 6-3 (Groundball, 6M, EV 78.8 MPH)
Batting: RHB Colin Boddy 0-0: SINGLE (Groundball, 34D, EV 99.4 MPH)
Batting: RHB Danny Weisse 0-0: Ball
1-0: Ball
2-0: Called Strike
2-1: Grounds into double play, 4-6-3 (Groundball, 4S, EV 93.8 MPH)
Bottom of the 4th over - 0 runs, 1 hit, 0 errors, 0 left on base; Tacoma 0 - Omaha 1
TOP OF THE 5TH
Tacoma Rainiers batting - Pitching for Omaha Storm Chasers : RHP Sergio Quinones
Batting: RHB Jeff Cox 0-0: Ground out 6-3 (Groundball, 6S, EV 90.6 MPH)
Batting: LHB Josh Pittman 0-0: Foul Ball, location: 2F
0-1: Called Strike
0-2: Foul Ball, location: 2F
0-2: Foul Ball, location: 2F
0-2: Ball
1-2: Strikes out swinging
Batting: RHB Kagetoki Kawai 0-0: Ball
1-0: Called Strike
1-1: Foul Ball, location: 2F
1-2: Strikes out swinging, 2-3 out at first.
Top of the 5th over - 0 runs, 0 hits, 0 errors, 0 left on base; Tacoma 0 - Omaha 1
BOTTOM OF THE 5TH
Omaha Storm Chasers batting - Pitching for Tacoma Rainiers : RHP Luis Castro
Batting: RHB Aaron Matthews 0-0: Ball
1-0: Fly out, F8 (Line Drive, 89M, EV 86.9 MPH)
Batting: LHB Chris Eaker 0-0: Fly out, F8 (Flyball, 8RS, EV 93.8 MPH)
Batting: LHB Danny Bailey 0-0: Ball
1-0: Called Strike
1-1: Ball
2-1: Called Strike
2-2: Foul Ball, location: 2F
2-2: Foul Ball, location: 2F
2-2: Foul Ball, location: 2F
2-2: Ground out U3 (Groundball, 3L, EV 81.2 MPH)
Bottom of the 5th over - 0 runs, 0 hits, 0 errors, 0 left on base; Tacoma 0 - Omaha 1
TOP OF THE 6TH
Tacoma Rainiers batting - Pitching for Omaha Storm Chasers : RHP Sergio Quinones
Batting: RHB Rick Ellis 0-0: Called Strike
0-1: Foul Ball, location: 2F
0-2: Strikes out swinging
Batting: LHB Jawad Fahad 0-0: Called Strike
0-1: Foul Ball, location: 2F
0-2: Ball
1-2: Foul Ball, location: 2F
1-2: DOUBLE (Line Drive, 8LXD, EV 107.5 MPH)
Batting: RHB Brad Robidas 0-0: Called Strike
0-1: Swinging Strike
0-2: Ball
1-2: Ball
2-2: Strikes out swinging
Batting: RHB Josh Ruhl 0-0: Ball
1-0: Ball
2-0: Ball
3-0: Base on Balls
Batting: RHB Max Schellekens 0-0: Called Strike
0-1: Swinging Strike
0-2: Strikes out looking
Top of the 6th over - 0 runs, 1 hit, 0 errors, 2 left on base; Tacoma 0 - Omaha 1
BOTTOM OF THE 6TH
Omaha Storm Chasers batting - Pitching for Tacoma Rainiers : RHP Luis Castro
Batting: LHB Robby Diaz 0-0: Ball
1-0: Foul Ball, location: 2F
1-1: Ball
2-1: Fly out, F8 (Flyball, 8RS, EV 91.9 MPH)
Batting: LHB Manny Estrada 0-0: Ball
1-0: Called Strike
1-1: Ball
2-1: SOLO HOME RUN (Flyball, 9D, EV 99.4 MPH), Distance : 370 ft
Batting: RHB Walt Cogswell 0-0: Called Strike
0-1: Ball
1-1: Ball
2-1: Ball
3-1: Base on Balls
Batting: RHB Jerry Escamilla 0-0: Ball
1-0: Foul Ball, location: 2F
1-1: Ball
2-1: Foul Ball, location: 2F
2-2: Fielders Choice at 2nd, 5-4 (Groundball, 56, EV 81.2 MPH)
Batting: RHB Colin Boddy 0-0: Ball
1-0: Called Strike
1-1: Ball
2-1: Fly out, F4 (Popup, 13S, EV 84.4 MPH)
Bottom of the 6th over - 1 run, 1 hit, 0 errors, 1 left on base; Tacoma 0 - Omaha 2
TOP OF THE 7TH
Tacoma Rainiers batting - Pitching for Omaha Storm Chasers : RHP Sergio Quinones
Pitching: RHP Tom Jensen
Batting: RHB Steve Martin 0-0: Ball
1-0: Called Strike
1-1: Ball
2-1: Foul Ball, location: 2F
2-2: Ball
3-2: Ground out 4-3 (Groundball, 4S, EV 73.1 MPH)
Batting: RHB Jeff Cox 0-0: Ball
1-0: Reached on error, E3 (Groundball, 34S, EV 92.5 MPH)
Batting: LHB Josh Pittman 0-0: Called Strike
0-1: Ball
1-1: Ball
2-1: Ball
3-1: Swinging Strike
3-2: Foul Ball, location: 2F
3-2: Strikes out swinging
Pinch Hitting: SHB Brendan Bundy 0-0: Fly out, F7 (Flyball, 78S, EV 94.4 MPH)
Top of the 7th over - 0 runs, 0 hits, 1 error, 1 left on base; Tacoma 0 - Omaha 2
BOTTOM OF THE 7TH
Omaha Storm Chasers batting - Pitching for Tacoma Rainiers : RHP Luis Castro
Now in CF: Brendan Bundy
Batting: RHB Danny Weisse 0-0: Ball
1-0: Ground out 5-3 (Groundball, 56, EV 85.6 MPH)
Pitching: RHP Tyler Rayner
Batting: RHB Aaron Matthews 0-0: Ball
1-0: Foul Ball, location: 2F
1-1: Foul Ball, location: 2F
1-2: Ball
2-2: Ball
3-2: Foul Ball, location: 2F
3-2: Foul Ball, location: 2F
3-2: Fly out, F9 (Flyball, 9D, EV 105.6 MPH)
Batting: LHB Chris Eaker 0-0: Ground out 5-3 (Groundball, 5, EV 100.6 MPH)
Bottom of the 7th over - 0 runs, 0 hits, 0 errors, 0 left on base; Tacoma 0 - Omaha 2
TOP OF THE 8TH
Tacoma Rainiers batting - Pitching for Omaha Storm Chasers : RHP Tom Jensen
Batting: RHB Rick Ellis 0-0: Ball
1-0: Swinging Strike
1-1: Ball
2-1: Ball
3-1: Swinging Strike
3-2: Strikes out looking
Batting: LHB Jawad Fahad 0-0: Swinging Strike
0-1: Ground out U3 (Groundball, 34, EV 82.5 MPH)
Batting: RHB Brad Robidas 0-0: Called Strike
0-1: Swinging Strike
0-2: Strikes out swinging
Top of the 8th over - 0 runs, 0 hits, 0 errors, 0 left on base; Tacoma 0 - Omaha 2
BOTTOM OF THE 8TH
Omaha Storm Chasers batting - Pitching for Tacoma Rainiers : RHP Tyler Rayner
Batting: LHB Danny Bailey 0-0: Called Strike
0-1: Foul Ball, location: 2F
0-2: Fly out, F8 (Flyball, 8RM, EV 88.8 MPH)
Batting: LHB Robby Diaz 0-0: Fly out, F8 (Flyball, 8RXD, EV 78.8 MPH)
Batting: LHB Manny Estrada 0-0: SOLO HOME RUN (Flyball, 78XD, EV 101.9 MPH), Distance : 411 ft
Batting: RHB Walt Cogswell 0-0: Ball
1-0: Ball
2-0: Foul Ball, location: 2F
2-1: Swinging Strike
2-2: Ball
3-2: Foul Ball, location: 2F
3-2: Foul Ball, location: 2F
3-2: Hit by Pitch, AND HE CHARGES THE MOUND! The benches clear!
Pitching: RHP David Lane
Pinch Runner at 1st Francisco Gutierrez:
Batting: RHB Jerry Escamilla 0-0: Ball
1-0: Called Strike
1-1: Called Strike
Francisco Gutierrez steals 2nd base (no throw)
1-2: Foul Ball, location: 2F
1-2: Ball
2-2: Strikes out looking
Bottom of the 8th over - 1 run, 1 hit, 0 errors, 1 left on base; Tacoma 0 - Omaha 3
TOP OF THE 9TH
Tacoma Rainiers batting - Pitching for Omaha Storm Chasers : RHP Tom Jensen
Pitching: RHP Nam Phong
Now at 2B: Francisco Gutierrez
Now at SS: Aaron Matthews
Batting: RHB Josh Ruhl 0-0: Foul Ball, location: 2F
0-1: Ball
1-1: Swinging Strike
1-2: Ball
2-2: Strikes out swinging, 2-3 out at first.
Pinch Hitting: LHB Ryan Lowe 0-0: Ball
1-0: Swinging Strike
1-1: Ball
2-1: Swinging Strike
2-2: Strikes out swinging, 2-3 out at first.
Batting: RHB Steve Martin 0-0: Swinging Strike
0-1: Foul Ball, location: 2F
0-2: Strikes out swinging
Top of the 9th over - 0 runs, 0 hits, 0 errors, 0 left on base; Tacoma 0 - Omaha 3
Thursday, December 15th , 2022 - OOTP Baseball 23.9 Build 102